 Dungeon Crawl Stone Soup version 0.31.0-11-ge490571c62 (webtiles) character file.

Game seed: 17987552224703062606

246836 olddryhag the Warrior (level 19, -2/265 HPs)
             Began as a Minotaur Monk on Jan 27, 2024.
             Was a Priest of Uskayaw.
             Slain by the 20-headed Lernaean hydra (8 damage)
             ... on level 4 of the Swamp.
             The game lasted 01:42:57 (53482 turns).

olddryhag the Warrior (Minotaur Monk)              Turns: 53482, Time: 01:42:58

Health: -2/265     AC: 21    Str: 21    XL:     19   Next: 21%
Magic:  0/32       EV: 26    Int:  9    God:    Uskayaw [***...]
Gold:   2057       SH: 17    Dex: 20    Spells: 28/38 levels left

rFire   . . .        f - +6 scimitar (flame)
rCold   . . .        z - +4 kite shield {rN+}
rNeg    + . .        x - +2 chain mail {rPois}
rPois   +            S - +1 hat
rElec   +            E - +0 cloak
rCorr   .            i - +2 pair of gloves {Stlth+}
SInv    .            K - +2 pair of slick slippers {slick, slippery, EV+4}
Will    +++..        y - amulet of Ythraykitz {Spirit Rampage rC+ Stlth+} Stlth
                     a - ring of Vun Gaafyfid {rElec rC- Will++ Dex+6}
HPRegen 0.64/turn    r - +5 ring of evasion
MPRegen 0.23/turn

%: guardian spirit, rampage
@: berserking, very quick
A: horns 2, retaliatory headbutt
}: 1/15 runes: serpentine
a: Renounce Religion, Stomp, Line Pass


You were on level 4 of the Swamp.
You worshipped Uskayaw.
Uskayaw was noncommittal.
You visited 6 branches of the dungeon, and saw 31 of its levels.
You also visited: Ice Cave.

You collected 5084 gold pieces.
You spent 3027 gold pieces at shops.

Inventory:

Hand Weapons
 f - a +6 scimitar of flaming (weapon)
 G - the +9 mace of Prudence {venom, rF+ Stlth+}
   (You found it on level 4 of the Swamp)

   rF+:       It protects you from fire.
   Stlth+:    It makes you more stealthy.
 L - the +10 falchion "Undertaker" {speed, rElec rPois Str+3 SInv}
   (You found it on level 5 of the Lair of Beasts)

   Str+3:     It affects your strength (+3).
   rElec:     It insulates you from electricity.
   rPois:     It protects you from poison SInv: It lets you see invisible.
Missiles
 P - 8 curare-tipped darts (quivered)
Armour
 h - a +1 tower shield of cold resistance
 i - a +2 pair of gloves of stealth (worn)
 x - a +2 chain mail of poison resistance (worn)
 z - a +4 kite shield of positive energy (worn)
 B - the +1 plate armour of Xijitom {Harm rPois Str+8 Int-5}
   (You found it on level 2 of the Orcish Mines)

   Str+8:     It affects your strength (+8).
   Int-5:     It affects your intelligence (-5).
   rPois:     It protects you from poison Harm: It increases damage dealt and
   taken.
 E - a +0 cloak (worn)
 K - the +2 pair of slick slippers (worn) {slick, slippery, EV+4}
   (You bought it in a shop on level 1 of the Orcish Mines)

   Slick:     Its wearer cannot be constricted, engulfed, netted or webbed.
   Slippery:  Its wearer slips away from damaging melee attacks, pulling the
   attacker onward.
   EV+4:      It affects your evasion (+4).
 N - +0 swamp dragon scales
 Q - an orb of mayhem
 S - a +1 hat (worn)
Jewellery
 a - the ring of Vun Gaafyfid (left hand) {rElec rC- Will++ Dex+6}
   (You bought it in a shop on level 2 of the Orcish Mines)

   [ring of dexterity]

   Dex+6:     It affects your dexterity (+6).
   rC-:       It makes you vulnerable to cold.
   rElec:     It insulates you from electricity.
   Will++:    It greatly increases your willpower.
 e - a +5 ring of evasion
 r - a +5 ring of evasion (right hand)
 s - an amulet of regeneration
 u - a +6 ring of intelligence
 y - the amulet of Ythraykitz (around neck) {Spirit Rampage rC+ Stlth+}
   (You found it on level 5 of the Lair of Beasts)

   [amulet of guardian spirit]

   Spirit:    It causes incoming damage to be divided between your reserves of
   health and magic.
   rC+:       It protects you from cold.
   Rampage:   It bestows one free step when moving towards enemies.
   Stlth+:    It makes you more stealthy.
 C - the amulet "Mydots" {Faith +Blink rCorr Slay+3}
   (You acquired it on level 7 of the Dungeon)

   [amulet of faith]

   Faith:     It allows you to gain divine favour quickly.
   Slay+3:    It affects your accuracy & damage with ranged weapons and melee
   (+3).
   +Blink:    It lets you blink.
   rCorr:     It protects you from acid and corrosion.
 D - a ring of protection from fire
 F - a ring of resist corrosion
Wands
 b - a wand of acid (13)
 n - a wand of flame (84)
 q - a wand of roots (12)
 V - a wand of polymorph (6)
 Y - a wand of mindburst (5)
Scrolls
 g - 5 scrolls of revelation
 j - 3 scrolls of silence
 l - 2 scrolls of vulnerability
 m - 6 scrolls of fog
 p - 3 scrolls of immolation
 w - a scroll of fear
 A - a scroll of teleportation
 T - 2 scrolls of poison
Potions
 c - 3 potions of mutation
 o - a potion of cancellation
 t - 3 potions of magic
 v - 6 potions of brilliance
 I - 4 potions of attraction
 J - 9 potions of curing
 M - 4 potions of berserk rage
 R - 4 potions of lignification
 Z - 4 potions of ambrosia
Miscellaneous
 d - a phial of floods (inert)
 O - a lightning rod (2/4)


   Skills:
 + Level 17.4 Fighting
 * Level 12.1 Long Blades
 - Level 15.4 Axes
 * Level 10.3 Armour
 + Level 16.1 Dodging
 * Level 10.5 Shields
 + Level 10.2 Spellcasting
 + Level 5.6 Summonings
 + Level 5.4 Necromancy
 + Level 11.0 Fire Magic


You had 28 spell levels left.
You knew the following spells:

 Your Spells              Type           Power      Damage    Failure   Level
a - Scorch                Fire           48%        2d7       2%          2
b - Martyr's Knell        Necr/Summ      14%        N/A       80%         4
c - Summon Blazeheart Go  Fire/Summ      19%        N/A       38%         4

Your spell library contained the following spells:

 Spells                   Type           Power      Damage    Failure   Level
 Necrotise                Necr           56%        1d6       14%         1
 Call Imp                 Summ           28%        N/A       19%         2
 Sublimation of Blood     Necr           14%        N/A       22%         2
 Inner Flame              Hex/Fire       14%        N/A       38%         3
 Fugue of the Fallen      Necr           14%        N/A       41%         3
 Vampiric Draining        Necr           14%        2d7       41%         3
 Magic Dart               Conj           16%        1d3       80%         1
 Slow                     Hex            16%        N/A       80%         1
 Flame Wave               Conj/Fire      14%        2d6       80%         4
 Ignite Poison            Fire/Alch      14%        N/A       80%         4
 Sticky Flame             Fire/Alch      14%        2d5       80%         4
 Blink                    Tloc           8%         N/A       90%         2
 Confusing Touch          Hex            4%         N/A       99%         3
 Dazzling Flash           Conj/Hex       8%         N/A       99%         3
 Mephitic Cloud           Conj/Alch/Air  4%         N/A       99%         3
 Ozocubu's Armour         Ice            4%         N/A       99%         3
 Sigil of Binding         Hex            4%         N/A       99%         3
 Curse of Agony           Necr           14%        N/A       99%         5
 Manifold Assault         Tloc           4%         N/A       100%        4
 Petrify                  Alch/Erth      4%         N/A       100%        4
 Vhi's Electric Charge    Tloc/Air       8%         N/A       100%        4
 Arcjolt                  Conj/Air       2%         1d12      100%        5
 Freezing Cloud           Conj/Ice/Air   2%         6-21      100%        5
 Irradiate                Conj/Alch      2%         3d12      100%        5
 Silence                  Hex/Air        2%         N/A       100%        5
 Plasma Beam              Fire/Air       7%         2x1d17    100%        6
 Sculpt Simulacrum        Ice/Alch       2%         N/A       100%        6
 Summon Cactus Giant      Summ           7%         N/A       100%        6
 Ozocubu's Refrigeration  Ice            2%         4d7       100%        7
 Summon Hydra             Summ           7%         N/A       100%        7
 Ignition                 Fire           12%        3d6       100%        8
 Fire Storm               Conj/Fire      7%         8d2       100%        9
 Polar Vortex             Ice            2%         N/A       100%        9


Dungeon Overview and Level Annotations

Branches:
Dungeon (15/15)            Temple (1/1) D:7            Lair (5/5) D:9
  Swamp (4/4) Lair:2        Snake (4/4) Lair:2        Slime (0/5) Lair:5
    Orc (2/2) D:10            Elf (0/3) Orc:2        Vaults (0/5) D:13
 Depths (0/4) D:15          IceCv (visited)

Altars:
Ashenzari
Cheibriados
Dithmenos
Elyvilon
Fedhas
Gozag
Hepliaklqana
Kikubaaqudgha
Makhleb
Nemelex Xobeh
Okawaru
Qazlal
Ru
Sif Muna
Trog
Uskayaw
Vehumet
Wu Jian
Xom
Yredelemnul
Zin
The Shining One
Jiyva

Shops:
D:15 *   Orc:1 [   Orc:2 =*[[   Snake:1 [   Snake:2 :=:

Portals:
Abyss: Snake:1

Annotations:
Swamp:4 Lernaean hydra
Snake:1 2 transporters, DoNotCum's ghost, journeyman DECj
Orc:1 Erolcha


Innate Abilities, Weirdness & Mutations

You have a pair of horns on your head.
You reflexively headbutt those who attack you in melee.


Message History

You block the 20-headed Lernaean hydra's attack.
The 20-headed Lernaean hydra completely misses you.
The 20-headed Lernaean hydra bites you but does no damage. x3
You block the 20-headed Lernaean hydra's attack.
The 20-headed Lernaean hydra bites you but does no damage.
The 20-headed Lernaean hydra closely misses you.
The 20-headed Lernaean hydra bites you!
* * * LOW HITPOINT WARNING * * *
The 20-headed Lernaean hydra closely misses you.
The 20-headed Lernaean hydra misses you.
You block the 20-headed Lernaean hydra's attack.
The 20-headed Lernaean hydra misses you.
The 20-headed Lernaean hydra bites you but does no damage.
The 20-headed Lernaean hydra barely misses you.
The 20-headed Lernaean hydra bites you but does no damage.
The 20-headed Lernaean hydra completely misses you. x2
The 20-headed Lernaean hydra misses you.
Press: ? - help, v - describe, . - travel
Here: the 20-headed Lernaean hydra (severely wounded)
The floor, spattered with blood.
Unknown command.
A red film seems to cover your vision as you go berserk!
You feel yourself moving faster!
You feel mighty! The 20-headed Lernaean hydra bites you!
* * * LOW HITPOINT WARNING * * *
You block the 20-headed Lernaean hydra's attack.
The 20-headed Lernaean hydra bites you but does no damage. x2
You block the 20-headed Lernaean hydra's attack. x2
The 20-headed Lernaean hydra bites you!
* * * LOW HITPOINT WARNING * * *
The 20-headed Lernaean hydra closely misses you.
The 20-headed Lernaean hydra bites you but does no damage. x2
The 20-headed Lernaean hydra bites you!
* * * LOW HITPOINT WARNING * * *
The 20-headed Lernaean hydra bites you but does no damage. x2
The 20-headed Lernaean hydra closely misses you.
The 20-headed Lernaean hydra bites you but does no damage. x2
The 20-headed Lernaean hydra completely misses you.
The 20-headed Lernaean hydra bites you!
You die...

♣♣♣♣ ♣ ♣♣♣<.♣♣ .♣♣♣♣
♣♣~.~~@♣♣..♣≈♣
♣~~§~~D~.♣≈≈≈♣♣
♣.~~~~..♣≈≈≈≈≈♣♣
♣♣♣♣)~...~~≈≈≈≈≈≈≈♣
♣♣♣♣♣♣♣~~
♣♣..[.~~♣≈≈≈≈≈≈♣
....~~~#####♣~.~~~~♣≈≈≈♣♣
..#.#.##..(##~~~~.~..≈≈♣
..§...#....|#~~~.....♣♣♣
....8.#..(..#~~...~.~♣


You could see the 20-headed Lernaean hydra.

Vanquished Creatures
  Mara (Snake:3)
  Nikola (Snake:1)
  Jorgrun (D:14)
  A thorn hunter (Swamp:3)
  Kirke (D:15)
  8 nagarajas
  Louise (D:15)
  An orc warlord (Orc:2)
  2 eleionomae
  5 bunyips
  The ghost of Panli the Skirmisher, a journeyman CeHs of Okawaru (Lair:5)
  Harold (D:10)
  Fannar (Lair:1)
  2 salamander tyrants (Snake:4)
  A spriggan air mage (Swamp:2)
  3 ogre magi (D:15)
  A vault guard (D:13)
  24 hydras
  A shambling mangrove (Swamp:1)
  A great orb of eyes (D:15)
  A ghost crab (Swamp:4)
  14 anacondas
  13 alligators
  Erica (D:15)
  2 boulder beetles (D:13)
  12 two-headed ogres
  2 catoblepae
  3 centaur warriors
  A deep troll earth mage (D:15)
  21 naga warriors
  13 death yaks
  5 orc high priests (Orc:2)
  16 naga sharpshooters
  Urug (D:15)
  A spriggan berserker (Swamp:1)
  2 hell knights (D:15)
  An occultist (D:15)
  10 shock serpents
  2 skysharks (Lair:5)
  7 skeletal warriors
  Lodul (D:10)
  2 death drakes
  11 goliath frogs
  9 sea snakes (Snake:2)
  3 salamander mystics
  7 spriggan druids
  15 swamp dragons
  9 mana vipers
  15 bog bodies
  An arcanist (D:15)
  7 naga ritualists
  2 lindwurms
  7 orc knights
  The ghost of DocClef the Shield-Bearer, a novice GnFi of Okawaru (D:7)
  The ghost of chicagocrazy the Chopper, a novice DsFi (D:4)
  2 deep elf pyromancers
  5 cyclopes
  9 ugly things
  4 orc sorcerers (Orc:2)
  2 oklob plants
  4 manticores
  A will-o-the-wisp (Swamp:4)
  6 meliai
  2 moths of wrath (Lair:5)
  8 salamanders
  A meliai (shapeshifter) (D:13)
  An elephant (Lair:4)
  2 kobold blastminers (Orc:2)
  Joseph (Lair:1)
  An ice statue (IceCv)
  4 guardian serpents
  41 black mambas
  15 naga magi
  3 torpor snails
  Maggie (D:10)
  13 cane toads
  Jeremiah (Lair:1)
  An unseen horror (D:12)
  3 rime drakes
  8 komodo dragons
  2 kobold demonologists
  2 efreet
  A tengu conjurer (D:13)
  2 freezing wraiths
  A troll (shapeshifter) (D:15)
  A bloated husk (Swamp:4)
  6 trolls
  A queen bee (Lair:4)
  13 tyrant leeches
  A polar bear (shapeshifter) (D:13)
  3 polar bears
  34 blink frogs
  7 hornets
  7 slime creatures
  A dream sheep (Lair:2)
  2 shadows (D:10)
  8 spriggans
  4 wraiths
  Grum (D:11)
  A dire elephant simulacrum (IceCv)
  63 yaks
  A fire bat (D:5)
  4 wyverns
  6 hogs
  2 humans
  17 vampire mosquitoes
  Menkaure (D:6)
  7 wargs
  2 basilisks (Lair:2)
  5 steam dragons
  4 death yak simulacra (IceCv)
  19 swamp worms
  54 nagas
  4 acid dragons
  2 hydra simulacra (IceCv)
  20 water moccasins
  15 swamp drakes
  A black bear (D:5)
  A meliai simulacrum (D:15)
  37 orc warriors
  A sky beast (D:6)
  A crocodile (D:7)
  9 boggarts (D:15)
  23 ogres
  11 centaurs
  9 wolves
  3 phantoms
  A kobold brigand (D:8)
  24 bullfrogs
  9 two-headed ogre simulacra
  2 gnoll sergeants
  A scorpion (D:5)
  19 wights
  4 cane toad simulacra
  A troll zombie (D:10)
  3 elephant simulacra (IceCv)
  27 killer bees
  7 electric eels
  8 howler monkeys
  13 jellies
  2 bombardier beetles
  2 gnoll boudas
  32 orc priests
  4 hounds
  2 iguanas
  A sleepcap (D:7)
  20 orc wizards
  5 spriggan simulacra
  8 troll simulacra (IceCv)
  2 wolf simulacra
  5 ogre zombies (D:10)
  16 gnolls
  9 adders
  8 naga simulacra
  A river rat (Lair:4)
  3 white imps (IceCv)
  2 ufetubi (IceCv)
  2 dart slugs
  6 ribbon worms
  101 orcs
  13 endoplasms
  2 giant cockroaches (D:1)
  3 gnoll zombies (D:10)
  4 goblins
  6 hobgoblins
  7 jackals
  8 kobolds
  4 quokkas
  11 ball pythons
  7 bats
  5 frilled lizards
  A gnoll skeleton (D:10)
  4 orc skeletons (D:10)
  11 orc zombies (D:10)
  2 rats
1274 creatures vanquished.

Vanquished Creatures (collateral kills)
  A rakshasa (D:13)
  2 ogre magi (D:13)
  A boulder beetle (Lair:5)
  2 two-headed ogres (D:15)
  A skeletal warrior (D:14)
  An arcanist (D:15)
  An ugly thing (D:15)
  3 cane toads (Lair:5)
  A komodo dragon (Lair:5)
  3 burning bushes (Lair:3)
  A troll (D:15)
  2 hornets (Swamp:1)
  A blink frog (Lair:5)
  A tyrant leech (Lair:5)
  A dream sheep (Lair:2)
  3 slime creatures (D:13)
  A wyvern (Lair:4)
  4 yaks
  A vampire mosquito (D:12)
  An acid dragon (D:13)
  A water moccasin (Lair:2)
  A swamp drake (Swamp:1)
  2 wolves
  A boggart (D:15)
  2 ogres
  6 killer bees (Lair:4)
  An ufetubus (IceCv)
  2 orcs (D:15)
  4 endoplasms (Lair:2)
52 creatures vanquished.

Vanquished Creatures (others)
  A hydra (Swamp:4)
  A two-headed ogre (D:15)
  A goliath frog (Swamp:4)
  A cane toad (Lair:4)
  A blink frog (Lair:4)
  A hog (D:15)
  A vampire mosquito (Lair:5)
  2 swamp worms
  A water moccasin (Lair:2)
  2 swamp drakes (Swamp:4)
  An ogre (D:15)
  5 killer bees (Lair:4)
  An ufetubus (IceCv)
  26 foxfires (Swamp:4)
45 creatures vanquished.

Grand Total: 1371 creatures vanquished

Notes
Turn   | Place    | Note
-------+----------+-------------------------------------------
     0 | D:1      | olddryhag the Minotaur Monk began the quest for the Orb.
     0 | D:1      | Reached XP level 1. HP: 19/19 MP: 0/0
   216 | D:1      | Reached XP level 2. HP: 22/27 MP: 1/1
   368 | D:1      | Reached skill level 4 in Fighting
   797 | D:1      | Identified a scroll of acquirement
   798 | D:1      | Acquired 1040 gold pieces
  1010 | D:2      | Reached XP level 3. HP: 29/33 MP: 2/2
  1543 | D:2      | Reached XP level 4. HP: 41/41 MP: 3/3
  2401 | D:3      | Found a faded altar of an unknown god.
  2697 | D:4      | Reached skill level 5 in Fighting
  2772 | D:4      | Reached XP level 5. HP: 37/48 MP: 4/4
  2812 | D:4      | Found a bloodstained altar of Trog.
  2832 | D:4      | Reached skill level 5 in Axes
  3547 | D:4      | Found a transporter.
  3569 | D:4      | Noticed chicagocrazy's ghost (novice DsFi)
  3570 | D:4      | Noticed an ogre
  3570 | D:4      | Noticed an ogre
  3571 | D:4      | Found a transporter.
  3698 | D:4      | Found a white marble altar of Elyvilon.
  3732 | D:5      | Entered Level 5 of the Dungeon
  3732 | D:5      | Noticed a centaur
  3741 | D:5      | Killed a centaur
  3742 | D:5      | Reached skill level 1 in Fire Magic
  3742 | D:5      | Reached XP level 6. HP: 30/56 MP: 4/6
  3908 | D:5      | Found a shimmering altar of Xom.
  3908 | D:5      | Noticed a fire bat
  3918 | D:5      | Reached skill level 5 in Dodging
  3918 | D:5      | Reached skill level 1 in Spellcasting
  4439 | D:5      | Reached XP level 7. HP: 36/62 MP: 6/8
  4721 | D:5      | Learned a level 2 spell: Scorch
  4800 | D:5      | Killed a fire bat
  4801 | D:5      | Reached skill level 6 in Fighting
  5705 | D:6      | Noticed Menkaure
  5714 | D:6      | Killed Menkaure
  5715 | D:6      | Reached XP level 8. HP: 26/68 MP: 10/10
  6024 | D:6      | Reached skill level 7 in Fighting
  6029 | D:6      | Noticed Edmund
  6033 | D:6      | Edmund changed into Edmund the quokka
  6033 | D:6      | Noticed Edmund
  6034 | D:6      | Killed Edmund the quokka
  6107 | D:6      | Found a shadowy altar of Dithmenos.
  6487 | D:7      | Noticed Maurice
  6506 | D:7      | Maurice stole a +0 heavy war axe
  6507 | D:7      | Maurice stole 96 gold
  6508 | D:7      | Maurice stole 522 gold
  6518 | D:7      | Maurice changed into Maurice the gnoll
  6518 | D:7      | Noticed Maurice
  6521 | D:7      | Killed Maurice the gnoll
  6710 | D:7      | Found a staircase to the Ecumenical Temple.
  6715 | D:7      | Noticed a cyclops
  6719 | D:7      | a cyclops changed into a crocodile
  6724 | D:7      | Reached XP level 9. HP: 80/80 MP: 12/12
  6976 | D:7      | Found a basalt altar of Yredelemnul.
  7175 | D:7      | Found a large runed translucent door.
  7175 | D:7      | Noticed DocClef's ghost (novice GnFi)
  7176 | D:7      | Found a large runed translucent door.
  7295 | D:7      | Acquired the amulet "Mydots" {Faith +Blink rCorr Slay+3}
  7356 | Temple   | Entered the Ecumenical Temple
  7413 | D:8      | Reached skill level 8 in Fighting
  8666 | D:8      | Found the +8 autumn katana {manifold assault}
  8955 | D:9      | Noticed a death yak
  8955 | D:9      | Noticed a death yak
  9013 | D:9      | Found a sparkling altar of Nemelex Xobeh.
  9274 | D:9      | Reached XP level 10. HP: 60/90 MP: 15/15
  9522 | D:9      | Reached skill level 9 in Fighting
 10038 | D:9      | Found a hazy altar of Hepliaklqana.
 10086 | D:9      | Noticed a death yak
 10086 | D:9      | Noticed a death yak
 10088 | D:9      | Found a staircase to the Lair.
 10418 | D:8      | Killed a death yak
 10513 | D:9      | Noticed a death yak
 10526 | D:8      | Killed a death yak
 10527 | D:8      | Reached skill level 5 in Fire Magic
 11064 | D:8      | Killed a death yak
 11363 | D:8      | Killed a death yak
 11364 | D:8      | Reached skill level 10 in Fighting
 11364 | D:8      | Reached skill level 10 in Axes
 11766 | D:9      | Killed a death yak
 11767 | D:9      | Reached skill level 5 in Spellcasting
 11767 | D:9      | Reached XP level 11. HP: 69/100 MP: 17/17
 11965 | D:10     | Entered Level 10 of the Dungeon
 11965 | D:10     | Noticed Maggie
 11974 | D:10     | Killed Maggie
 12007 | D:10     | Noticed a two-headed ogre
 12165 | D:10     | Noticed Lodul
 12173 | D:10     | Killed Lodul
 12450 | D:10     | Noticed a two-headed ogre
 12465 | D:10     | Killed a two-headed ogre
 12730 | D:10     | Reached skill level 10 in Dodging
 12732 | D:10     | Found a staircase to the Orcish Mines.
 12794 | D:10     | Killed a two-headed ogre
 12795 | D:10     | Reached skill level 11 in Fighting
 13076 | D:10     | Noticed Harold
 13090 | D:10     | Killed Harold
 13091 | D:10     | Found a hide-covered altar of Uskayaw.
 13099 | D:10     | Became a worshipper of Uskayaw the Reveller
 13099 | D:10     | Reached * piety under Uskayaw
 13249 | D:10     | Found the Hermit's Pendant {Faith Invo=14 Evo=0 MP+5}
 13276 | D:10     | Reached ** piety under Uskayaw
 13278 | D:10     | Reached *** piety under Uskayaw
 13279 | D:10     | Reached **** piety under Uskayaw
 13280 | D:10     | Reached ***** piety under Uskayaw
 13726 | D:11     | Noticed Grum
 13733 | D:11     | Killed Grum
 13734 | D:11     | Reached XP level 12. HP: 100/110 MP: 19/19
 13743 | D:11     | Reached ****** piety under Uskayaw
 13925 | Orc:1    | Entered Level 1 of the Orcish Mines
 14140 | Orc:1    | Found Serphieda's Armour Emporium.
 14148 | Orc:1    | Bought the +2 pair of slick slippers {slick, slippery,
                  | EV+4} for 297 gold pieces
 14148 | Orc:1    | Found the +2 pair of slick slippers {slick, slippery, EV+4}
 14605 | Orc:2    | Entered Level 2 of the Orcish Mines
 14605 | Orc:2    | Noticed a two-headed ogre
 14613 | Orc:2    | Killed a two-headed ogre
 14620 | Orc:2    | Noticed a two-headed ogre
 14625 | Orc:2    | Killed a two-headed ogre
 14786 | Orc:2    | Reached skill level 12 in Fighting
 14846 | Orc:2    | Identified the +1 plate armour of Xijitom {Harm rPois Str+8
                  | Int-5}
 14853 | Orc:2    | Noticed an orc high priest
 14862 | Orc:2    | Killed an orc high priest
 15140 | Orc:2    | Noticed an ettin
 15141 | Orc:2    | an ettin changed into a tyrant leech
 15267 | Orc:2    | Found a staircase to the Elven Halls.
 15744 | Orc:2    | Noticed an orc warlord
 15764 | Orc:2    | Killed an orc warlord
 15981 | Orc:2    | Noticed an orc high priest
 15982 | Orc:2    | Found Faatsod's Armour Shop.
 15991 | Orc:2    | Killed an orc high priest
 16020 | Orc:2    | Noticed an orc high priest
 16033 | Orc:2    | Killed an orc high priest
 16150 | Orc:2    | Noticed an orc high priest
 16157 | Orc:2    | Killed an orc high priest
 16158 | Orc:2    | Reached XP level 13. HP: 117/119 MP: 22/22
 16188 | Orc:2    | Found Geuvuvve's Antique Armour Boutique.
 16209 | Orc:2    | Bought a warped chain mail for 228 gold pieces
 16209 | Orc:2    | Identified the +1 chain mail of Tiwun {SInv} (You bought it
                  | in a shop on level 2 of the Orcish Mines)
 16825 | Orc:2    | Found Kutaaser's Jewellery Emporium.
 17194 | Orc:2    | Found Qenk's Assorted Antiques.
 17262 | Orc:2    | Bought a bloodstained great mace for 356 gold pieces
 17262 | Orc:2    | Identified the +2 great mace "Myzimm" {drain, rC+ rN+++}
                  | (You bought it in a shop on level 2 of the Orcish Mines)
 17262 | Orc:2    | Bought a potion of heal wounds for 155 gold pieces
 17262 | Orc:2    | Bought 2 scrolls of enchant armour for 465 gold pieces
 17262 | Orc:2    | Bought a brass ring for 155 gold pieces
 17262 | Orc:2    | Bought a sedimented blue potion for 27 gold pieces
 17262 | Orc:2    | Bought a potion of curing for 93 gold pieces
 17289 | Orc:2    | Paralysed by an orc sorcerer for 2 turns
 17297 | Orc:2    | Reached skill level 13 in Fighting
 17551 | Orc:1    | You fall into a shaft and drop 1 floor!
 17587 | Orc:1    | Noticed Erolcha
 18143 | Lair:1   | Entered Level 1 of the Lair of Beasts
 18143 | Lair:1   | Noticed Jeremiah
 18169 | Lair:1   | Killed Jeremiah
 18487 | Lair:1   | Noticed Fannar
 18502 | Lair:1   | Killed Fannar
 18846 | Lair:1   | Noticed Joseph
 18861 | Lair:1   | Killed Joseph
 19573 | Lair:2   | Found a staircase to the Snake Pit.
 20519 | Lair:2   | Found a staircase to the Swamp.
 20754 | Lair:2   | Reached XP level 14. HP: 128/130 MP: 24/24
 21323 | Lair:2   | Reached skill level 14 in Fighting
 22825 | Lair:4   | Identified the +1 robe of the Miller {Str+5 Stlth+}
 24255 | Lair:5   | Entered Level 5 of the Lair of Beasts
 24850 | Lair:5   | Reached skill level 15 in Fighting
 24850 | Lair:5   | Reached skill level 15 in Axes
 25198 | Lair:5   | Reached XP level 15. HP: 129/141 MP: 26/26
 25236 | Lair:5   | Found a transporter.
 25529 | Lair:5   | Found a viscous altar of Jiyva.
 25575 | Lair:5   | Found a staircase to the Slime Pits.
 25781 | Lair:5   | Found a transporter.
 25850 | Lair:5   | Noticed Panli's ghost (journeyman CeHs)
 26347 | Orc:2    | Bought the ring of Vun Gaafyfid {rElec rC- Will++ Dex+6}
                  | for 627 gold pieces
 26668 | Lair:5   | HP: 9/211 [Panli's ghost (12)]
 26673 | Lair:5   | Killed Panli's ghost
 27081 | Lair:5   | Identified the amulet of Ythraykitz {Spirit Rampage rC+
                  | Stlth+}
 27103 | Lair:5   | Identified the +10 falchion "Undertaker" {speed, rElec
                  | rPois Str+3 SInv}
 27414 | D:4      | Killed chicagocrazy's ghost
 27711 | D:7      | Killed DocClef's ghost
 27970 | D:11     | Reached skill level 1 in Long Blades
 28043 | D:11     | Reached skill level 1 in Necromancy
 28179 | D:12     | Reached skill level 1 in Summonings
 29141 | D:13     | Found a frozen archway.
 29180 | IceCv    | Entered an ice cave
 29977 | IceCv    | Found the +7 mace of Variability {chaos, chaos arc}
 31913 | D:13     | Found a gate to the Vaults.
 32010 | D:13     | You fall into a shaft and drop 2 floors!
 32010 | D:15     | Entered Level 15 of the Dungeon
 32015 | D:15     | Found a stormy altar of Qazlal.
 32126 | D:14     | Reached skill level 5 in Long Blades
 32550 | D:15     | Found Cuityr's Fire Supplies.
 32556 | D:15     | Bought the Lessons on Lava for 624 gold pieces
 32592 | D:15     | Noticed Erica
 32592 | D:15     | Noticed Urug
 32618 | D:15     | Killed Urug
 32624 | D:15     | Killed Erica
 32902 | D:15     | Noticed Louise
 32957 | D:15     | Killed Louise
 33243 | D:15     | Reached XP level 16. HP: 151/151 MP: 28/28
 33621 | D:14     | Noticed Jorgrun
 33657 | D:15     | Reached skill level 1 in Shields
 33661 | D:15     | Reached skill level 1 in Armour
 33661 | D:15     | Reached skill level 10 in Fire Magic
 33741 | D:15     | Reached skill level 16 in Fighting
 33793 | D:15     | Noticed Kirke
 33803 | D:15     | Killed Kirke
 33871 | D:15     | Found a staircase to the Depths.
 34552 | D:14     | Killed Jorgrun
 35887 | Swamp:1  | Entered Level 1 of the Swamp
 36796 | Swamp:1  | Reached skill level 15 in Dodging
 38649 | Swamp:1  | Learned a level 4 spell: Martyr's Knell
 38654 | Swamp:1  | Learned a level 4 spell: Summon Blazeheart Golem
 38780 | Swamp:2  | Reached skill level 5 in Shields
 39122 | Swamp:2  | Reached skill level 5 in Armour
 39133 | Swamp:1  | HP: 4/151 [spriggan berserker/+1 antimagic quarterstaff
                  | (18)]
 40443 | Swamp:2  | Reached XP level 17. HP: 145/159 MP: 25/29
 41184 | Snake:1  | Entered Level 1 of the Snake Pit
 41298 | Snake:1  | Found a transporter.
 41308 | Snake:1  | Found a transporter.
 41323 | Snake:1  | Noticed DoNotCum's ghost (journeyman DECj)
 41335 | Snake:1  | Found Biucapn's Antique Armour Shop.
 42350 | Snake:1  | Found a one-way gate to the infinite horrors of the Abyss.
 42563 | Snake:1  | Noticed Nikola
 42585 | Snake:1  | Killed Nikola
 44824 | Snake:2  | Reached skill level 10 in Long Blades
 44876 | Snake:2  | Found Detuashri's Book Shoppe.
 44876 | Snake:2  | Found Xine Rosm's Jewellery Boutique.
 44877 | Snake:2  | Found Lyetak's Book Shoppe.
 45352 | Snake:3  | Reached XP level 18. HP: 137/168 MP: 28/30
 45682 | Snake:3  | Noticed Mara
 45686 | Snake:3  | Noticed olddryhag's illusion
 45727 | Snake:3  | Killed Mara
 45968 | Snake:3  | Got the Monograph on the Crevasse
 46203 | Snake:4  | Entered Level 4 of the Snake Pit
 46544 | Snake:4  | Identified the amulet "Uqemoiju" {Spirit ^Contam rC++
                  | Stlth+}
 46599 | Snake:4  | Identified the +1 leather armour "Bogiytoh" {rElec rCorr
                  | Int-5}
 46658 | Snake:4  | Reached skill level 17 in Fighting
 46761 | Snake:4  | Reached skill level 10 in Spellcasting
 46881 | Snake:4  | Reached skill level 5 in Summonings
 48503 | Snake:4  | Reached skill level 5 in Necromancy
 48673 | Snake:4  | Got a serpentine rune of Zot
 49438 | Swamp:3  | Found a stormy altar of Qazlal.
 49668 | Swamp:4  | Entered Level 4 of the Swamp
 50716 | Swamp:3  | Reached skill level 10 in Shields
 51430 | Swamp:4  | Reached XP level 19. HP: 89/177 MP: 16/32
 51439 | Swamp:4  | Reached skill level 10 in Armour
 52957 | Swamp:4  | Identified the +9 mace of Prudence {venom, rF+ Stlth+}
 52972 | Swamp:4  | Noticed the 27-headed Lernaean hydra
 52979 | Swamp:4  | HP: 8/177 [the 24-headed Lernaean hydra (2)]
 53482 | Swamp:4  | HP: 6/265 [the 20-headed Lernaean hydra (8)]
 53482 | Swamp:4  | Slain by the 20-headed Lernaean hydra

Illustrated notes

Levels and vault maps discovered:
D:1:      dpeg_arrival_round_a, layout_basic
D:2:      layout_loops_ring, minmay_crystal_room, supply_closet_lemuel,
          minmay_between
D:3:      layout_basic, shapermc_ecumenical_altar_mp_urbaneastern,
          minmay_misc_feat_columns
D:4:      layout_loops_cross, mainiacjoe_overflow_24_doors,
          mainiacjoe_overflow_alcove_1, gammafunk_ghost_smash
D:5:      layout_loops_corners, regret_index_xom_of_box
D:6:      layout_basic, grunt_dithmenos_shadows, dreamdust_mushroom_princess,
          uniq_menkaure, uniq_edmund
D:7:      layout_basic, general_overflow_altar, minmay_temple_entry_sparse_star,
          ebering_ghost_disaster_area, hangedman_abyss_or_decor_stagger,
          uniq_maurice
D:8:      cheibrodos_steamvent, layout_basic, minmay_holes, minivault_11
D:9:      layout_irregular_city, mainiacjoe_overflow_concentric_impassable,
          nemelex_xobeh_ov_fountains_minmay, dpeg_lair_monsters
D:10:     layout_loops_ring, nicolae_overflow_crystal_walls, zombieorc1_lemuel,
          grunt_livestock, uniq_harold, uniq_maggie, uniq_lodul
D:11:     layout_roguey, uniq_grum
D:12:     layout_rooms, serial_glass, glass_columns_a, glass_columns_c,
          due_unseen_surprise
D:13:     layout_roguey, david_vaults_5, portal_ice_cave_entry_ice_simulacra,
          hangedman_decor_push
D:14:     layout_small_grid, minmay_staircase_statues, uniq_jorgrun
D:15:     hellmonk_depths_entry_around_the_bend, layout_irregular_city,
          nicolae_qazlal_eye_of_the_storm, nicolae_shop_fire_sale
          [nicolae_sub_dead_trees], sword_in_stone, uniq_kirke
Temple:   nicolae_temple_great_sept
Lair:1:   layout_gridlike, wad_woods_road_01, minivault_23, uniq_fannar,
          uniq_joseph, uniq_jeremiah
Lair:2:   lemuel_slime, layout_gridlike, minmay_swamp_entry_worms,
          dummy_snake_entry, infiniplex_staircase_pool_2
Lair:3:   layout_roguey, evilmike_ambush [evilmike_ambush_outer_pillars,
          evilmike_ambush_inner_basic]
Lair:4:   regret_index_bee_streams, layout_misc_corridors, worms_lemuel
Lair:5:   minmay_lair_end_frog_pond, layout_big_grid,
          nicolae_slime_entry_field_trip, gammafunk_ghost_berserking_beasts
Swamp:1:  layout_falls_marsh, nicolae_swamp_big_swirl, st_swamp_ruins_4
Swamp:2:  layout_basic_swamp, evilmike_swamp_ruin_rubble_1, swamp_pool_5
Swamp:3:  layout_basic_swamp, nicolae_swamp_triple_paths, swamp_pool_5,
          lemuel_altar_in_water, infiniplex_staircase_pool
Swamp:4:  grunt_swamp_rune_castle, layout_basic_swamp, swamp_pool_1_2,
          nicolae_swamp_frolicking_bunyips
Snake:1:  layout_basic, gammafunk_ghost_abyssal_escape, serial_shops,
          nicolae_shop_pleasant_corner_grove, lemuel_fruit_tree, uniq_nikola
Snake:2:  layout_layer_cave, serial_bayou, serial_bayou_lake_a,
          serial_bayou_lagoon_b, serial_bayou_ford_a, serial_bayou_crossing,
          minmay_shop_grove, grunt_megastairs_3
Snake:3:  layout_rooms, uniq_mara
Snake:4:  minmay_snake_end_coiled, layout_cave_town, grunt_megastairs_2
Orc:1:    layout_diamond_mine, serial_shops, shop, uniq_erolcha
Orc:2:    pubby_orc_utopia

Skill      XL: |  1  2  3  4  5  6  7  8  9 10 11 12 13 14 15 16 17 18 19 |
---------------+----------------------------------------------------------+-----
Fighting       | 4 5 6 7 8 10 11 12 13 15 16 17 | 17.4
Axes           | 4 5 6 7 8 10 11 12 13 15 | 15.4
Dodging        | 4 5 6 8 9 10 11 12 13 14 15 16 | 16.1
Fire Magic     | 1 2 3 4 5 6 7 8 9 10 11 | 11.0
Spellcasting   | 1 2 3 4 5 6 7 8 9 10 | 10.2
Long Blades    | 5 8 10 11 12 | 12.1
Necromancy     | 2 3 4 5 |  5.4
Summonings     | 2 3 4 5 |  5.6
Shields        | 5 8 10 | 10.5
Armour         | 5 7 9 10 | 10.3

Action                     |  1- 3 |  4- 6 |  7- 9 | 10-12 | 13-15 | 16-18 | 19-21 || total
---------------------------+-------+-------+-------+-------+-------+-------+-------++-------
  Melee: Hand axe          |    74 |   147 |    21 |       |       |       |       ||   242
         Headbutt          |    17 |    28 |    52 |   158 |   361 |   629 |    60 ||  1305
         War axe           |       |       |   165 |   507 |   745 |       |       ||  1417
         Falchion          |       |       |       |       |   553 |  2019 |   122 ||  2694
         Scimitar          |       |       |       |       |       |   115 |    41 ||   156
  Throw: Throwing net      |       |       |       |     2 |     1 |       |       ||     3
         Dart              |       |       |       |       |       |     2 |     1 ||     3
 Invoke: Stomp             |       |       |       |       |       |       |     1 ||     1
  Evoke: Wand              |       |     3 |    13 |    11 |     8 |    12 |     2 ||    49
         Lightning rod     |       |       |       |       |     5 |       |     3 ||     8
         Phial of floods   |       |       |       |       |       |       |     1 ||     1
    Use: Scroll            |     4 |     3 |    18 |     3 |    16 |    18 |     2 ||    64
         Potion            |     1 |       |     2 |     5 |     5 |     9 |     6 ||    28
   Stab: Paralysed         |       |       |       |    40 |   133 |   163 |    11 ||   347
         Held in net/web   |       |       |       |     1 |     2 |       |       ||     3
         Distracted        |       |       |       |       |     1 |       |       ||     1
 Armour: Robe              |    31 |    77 |    65 |       |       |       |       ||   173
         Steam dragon scal |       |       |    15 |    57 |       |       |       ||    72
         Acid dragon scale |       |       |       |   112 |    46 |       |       ||   158
         Chain mail        |       |       |       |       |   463 |   850 |   259 ||  1572
  Dodge: Dodged            |    44 |   109 |   180 |   371 |  1018 |  1671 |   308 ||  3701
  Block: Kite shield       |       |       |       |       |       |   871 |   197 ||  1068
